 Dungeon Sprint DCSS version 0.31-a0-799-g6bc09d010c (webtiles) character file.

Game seed: 15524125553905554703

2811 sircluck the Grappler (level 9, 0/105 HPs)
             Began as a Troll Berserker on Sept 19, 2023.
             Was a High Priest of Trog.
             Slain by a sixfirhy (8 damage)
             ... summoned by an orc high priest
             ... in the Dungeon (Sprint III: "The Ten Rune Challenge").
             The game lasted 00:01:40 (429 turns).

sircluck the Grappler (Troll Berserker)              Turns: 429, Time: 00:01:41

Health: 0/105      AC:  4    Str: 31    XL:     9   Next: 44%
Magic:  8/8        EV: 12    Int:  3    God:    Trog [*****.]
Gold:   47         SH:  0    Dex:  9    Spells: 8/8 levels left

rFire   . .          .
                       - Unarmed
rCold   . . .        (no shield)
rNeg    . . .        a - +0 animal skin
rPois   .            (helmet restricted)
rElec   .            (no cloak)
rCorr   .            (gloves unavailable)
SInv    .            (boots unavailable)
Will    .....        (no amulet)
Stlth   +            (no ring)
HPRegen 1.17/turn    (no ring)
MPRegen 0.11/turn

%: no teleportation
@: lethally poisoned (0 -> -1), on berserk cooldown, slowed, very slow
A: large, unfitting armour, claws 3, regeneration 1, shaggy fur 1, tough skin 1
a: Renounce Religion, Berserk, Trog's Hand, Brothers in Arms


You were in the Dungeon.
You worshipped Trog.
Trog was extremely pleased with you.
You visited 1 branch You collected 47 gold pieces.

Inventory:

Armour
 a - a +0 animal skin (worn)
Wands
 n - a wand of digging (3)
Scrolls
 g - a scroll of blinking
 i - a scroll of immolation {unknown}
 j - 3 scrolls of identify {unknown}
 k - a scroll of poison {unknown}
Potions
 b - a potion of curing
 c - 2 potions of heal wounds
 d - a potion of haste
 e - 2 potions of magic
 f - a potion of berserk rage
 h - 5 potions of mutation {unknown}
 l - a potion of lignification {unknown}
Miscellaneous
 m - a box of beasts


   Skills:
 + Level 11.2 Fighting
 + Level 11.0 Dodging
 + Level 13.0 Unarmed Combat


You had 8 spell levels left.
You didn't know any spells.
Your spell library was empty.

Dungeon Overview and Level Annotations

Branches:
Dungeon (1/1)

Altars:
Cheibriados
Dithmenos
Elyvilon
Fedhas
Gozag
Hepliaklqana
Kikubaaqudgha
Makhleb
Nemelex Xobeh
Okawaru
Qazlal
Ru
Sif Muna
Trog
Uskayaw
Vehumet
Wu Jian
Xom
Yredelemnul
Zin
The Shining One
Jiyva
Lugonu


Innate Abilities, Weirdness & Mutations

You are too large for most types of armour.
You have claws for hands.
Your natural rate of healing is unusually fast.
You are covered in fur. (AC +1)
You have tough skin. (AC +1)


Message History

An orc wizard comes into view. It is wielding a +0 dagger.
You scratch the orange demon.
The orange demon is moderately wounded.
You feel sick.
The soul eater draws from the surrounding life force!
The orange demon stings you!
* * * LOW HITPOINT WARNING * * *
The orange demon closely misses you.
You eviscerate the orange demon!!! You claw the orange demon.
You kill the orange demon!
The orange demon disappears in a puff of smoke!
You feel sick.
You mangle the orc warrior!!
The orc warrior is almost dead.
You feel sick.
You closely miss the orc warrior.
The orc warrior is almost dead.
You feel sick. The orc warrior misses you.
You claw the orc warrior!
You kill the orc warrior!
Trog accepts your kill.
Trog will now gift you melee weapons as you gain piety.
Unknown command.
An orc warrior comes into view. It is wielding a +0 glaive.
You are no longer berserk.
You are exhausted.
You feel yourself slow down.
You feel sick.
The orc high priest mumbles some strange prayers to Beogh.
The orc warrior closely misses you.
There is an open door to the Orcish Mines, spattered with blood here.
Things that are here:
a +0 short sword; a +0 chain mail; an orc corpse You closely miss the orc high priest.
You feel sick.
The sixfirhy hits you but does no damage.
The sixfirhy closely misses you. The sixfirhy hits you!
* * * LOW HITPOINT WARNING * * *
The sixfirhy shocks you!
* * * LOW HITPOINT WARNING * * *
The sixfirhy hits you!
You die...

▓▓▓ ♣.############
##$##
♣♣.#___#___#__##$$#$#
♣..#.).#__.#._#$....
♣♣♣.###)#'###)##3$.o
♣♣..#..........#ooo
♣♣♣.'.⌠........#oo#
~.♣.#...######'#oo#
....#.⌠.#__#...#@#####
....#...#__#...#)3§§~+
....#)###__#...#)#§§§#
....#):.#__#...))#§§.#
....#___#__'...#.#§§.#
▓▓▓▓▓▓▓▓▓▓▓▓▓▓▓▓▓▓▓▓▓▓


You could see a soul eater (summoned), an orc high priest, a sixfirhy
(summoned), 2 orc warriors, an orc wizard and 4 orcs.

Vanquished Creatures
  Snorg (D)
  An orc high priest (D)
  A deep elf pyromancer (D)
  A shadow (D)
  A spatial vortex (D)
  2 orc warriors (D)
  A scorpion (D)
  A water elemental (D)
  A necrophage (D)
  A jelly (D)
  A wizard (D)
  Jessica (D)
  A necromancer (D)
  An orc wizard (D)
  3 humans (D)
  A kobold demonologist (D)
  2 orcs (D)
  2 endoplasms (D)
  A rat (D)
24 creatures vanquished.

Vanquished Creatures (collateral kills)
  An orc warrior (D)
  An orc wizard (D)
2 creatures vanquished.

Grand Total: 26 creatures vanquished

Notes
Turn   | Place    | Note
-------+----------+-------------------------------------------
     0 | D        | sircluck the Troll Berserker began the quest for the Orb.
     0 | D        | Reached XP level 1. HP: 22/22 MP: 0/0
    14 | D        | Noticed Jessica
    17 | D        | Reached ** piety under Trog
    18 | D        | Killed Jessica
    19 | D        | Reached skill level 4 in Unarmed Combat
    19 | D        | Reached XP level 2. HP: 32/32 MP: 1/1
    19 | D        | Reached XP level 3. HP: 39/39 MP: 2/2
    46 | D        | Reached skill level 5 in Unarmed Combat
    53 | D        | Noticed a scorpion
    62 | D        | Killed a scorpion
    62 | D        | Reached *** piety under Trog
    63 | D        | Reached skill level 5 in Fighting
    63 | D        | Reached skill level 5 in Dodging
    63 | D        | Reached skill level 6 in Unarmed Combat
    63 | D        | Reached XP level 4. HP: 41/50 MP: 3/3
   103 | D        | Noticed a water elemental
   109 | D        | Killed a water elemental
   110 | D        | Reached XP level 5. HP: 59/59 MP: 4/4
   164 | D        | Found a radiant altar of Vehumet.
   164 | D        | Found a shimmering blue altar of Sif Muna.
   164 | D        | Found an ancient bone altar of Kikubaaqudgha.
   170 | D        | Reached skill level 7 in Unarmed Combat
   172 | D        | Reached **** piety under Trog
   189 | D        | Noticed a shadow
   195 | D        | Killed a shadow
   196 | D        | Reached skill level 8 in Unarmed Combat
   196 | D        | Reached XP level 6. HP: 54/71 MP: 5/5
   211 | D        | Noticed Snorg
   221 | D        | Killed Snorg
   222 | D        | Reached skill level 10 in Unarmed Combat
   222 | D        | Reached XP level 7. HP: 77/83 MP: 6/6
   222 | D        | Reached XP level 8. HP: 85/92 MP: 7/7
   255 | D        | Found a blossoming altar of Fedhas.
   255 | D        | Found a stormy altar of Qazlal.
   255 | D        | Found a snail-covered altar of Cheibriados.
   255 | D        | Found a burning altar of Makhleb.
   255 | D        | Found a shimmering altar of Xom.
   256 | D        | Found a hazy altar of Hepliaklqana.
   256 | D        | Found an opulent altar of Gozag.
   256 | D        | Found a sparkling altar of Nemelex Xobeh.
   256 | D        | Found a corrupted altar of Lugonu.
   256 | D        | Found a viscous altar of Jiyva.
   278 | D        | Found a basalt altar of Yredelemnul.
   278 | D        | Found a shadowy altar of Dithmenos.
   278 | D        | Found a sacrificial altar of Ru.
   282 | D        | Reached skill level 11 in Unarmed Combat
   286 | D        | Reached ***** piety under Trog
   298 | D        | Found a hide-covered altar of Uskayaw.
   298 | D        | Found an iron altar of Okawaru.
   298 | D        | Found a bloodstained altar of Trog.
   298 | D        | Found an ornate altar of the Wu Jian Council.
   349 | D        | Found a glowing silver altar of Zin.
   349 | D        | Found a glowing golden altar of the Shining One.
   349 | D        | Found a white marble altar of Elyvilon.
   350 | D        | Noticed a deep elf pyromancer
   354 | D        | Killed a deep elf pyromancer
   354 | D        | Received a gift from Trog
   355 | D        | Reached skill level 10 in Fighting
   355 | D        | Reached skill level 10 in Dodging
   355 | D        | Reached skill level 12 in Unarmed Combat
   384 | D        | Noticed an orc high priest
   386 | D        | Noticed a rust devil
   390 | D        | Noticed an orc high priest
   391 | D        | Noticed a sixfirhy
   391 | D        | Noticed a smoke demon
   397 | D        | Noticed an orange demon
   397 | D        | Noticed a red devil
   402 | D        | Reached XP level 9. HP: 81/102 MP: 8/8
   412 | D        | Killed an orc high priest
   418 | D        | Noticed a soul eater
   421 | D        | Reached skill level 13 in Unarmed Combat
   429 | D        | Noticed a sixfirhy
   429 | D        | Slain by a sixfirhy

Illustrated notes

Levels and vault maps discovered:
D:        dungeon_sprint_mu [sprint_mu_entry_forest, sprint_mu_temple_rooms,
          sprint_mu_d1_horrors, sprint_mu_d2_genie, sprint_mu_d3_branching,
          sprint_mu_orc_legion, sprint_mu_elf_gauntlet, sprint_mu_hive_nellie,
          sprint_mu_lair_fedhas, sprint_mu_vaults_butterflies,
          sprint_mu_slime_circle, sprint_mu_swamp_cave, sprint_mu_snake_twists,
          sprint_mu_blade_basic, sprint_mu_crypt_chambers,
          sprint_mu_tomb_spiral, sprint_mu_vestibule_basic,
          sprint_mu_gehenna_hellfire, sprint_mu_dis_giant,
          sprint_mu_tartarus_statrot, sprint_mu_cocytus_islands, sprint_mu_zot1]

Skill      XL: |  1  2  3  4  5  6  7  8  9 |
---------------+----------------------------+-----
Fighting       | 3 5 7 9 10 11 | 11.2
Dodging        | 3 5 7 9 10 11 | 11.0
Unarmed Combat | 4 6 8 10 12 13 | 13.0

Action                     |  1- 3 |  4- 6 |  7- 9 || total
---------------------------+-------+-------+-------++-------
  Melee: Unarmed           |    17 |    28 |    42 ||    87
         Punch             |       |     2 |     2 ||     4
 Invoke: Berserk           |       |     2 |     2 ||     4
         Brothers in Arms  |       |       |     2 ||     2
 Armour: Animal skin       |     8 |    15 |    22 ||    45
  Dodge: Dodged            |     4 |     9 |    12 ||    25

Table legend: (Time is in decaauts)
 A = Elapsed time spent in this place.
 B = Non-inter-level travel time spent in this place.
 C = Inter-level travel time spent in this place.
 D = Time resting spent in this place.
 E = Time spent auto-exploring this place.
 F = Levels seen in this place.
 G = Mean time per level.
                   A        B        C        D        E       F      G
               +--------+--------+--------+--------+--------+-----+--------+
         Total |    436 |    421 |     15 |    132 |    105 |   1 |  436.0 |
       Dungeon |    436 |    421 |     15 |    132 |    105 |   1 |  436.0 |
               +--------+--------+--------+--------+--------+-----+--------+

Top non-repeatable levels by time:
       D: 436 daAuts
